SA
ATHLETIC CLUB KC U-21 @ SYRACUSE STORM
06/21/2031
 
TOP OF THE 1ST
Athletic Club KC U-21 batting - Pitching for Syracuse Storm : RHP Zach Pinyerrel
Pitching: RHP Zach Pinyerrel
Batting: RHB Mario Truxillo 0-0: Ball
1-0: Ball
2-0: Ball
3-0: Base on Balls
Batting: RHB Gabriel Camparán 0-0: Ball
1-0: Called Strike
1-1: Foul Ball, location: 2F
1-2: Fly out, F5 (Popup, 15)
Batting: RHB José Hernández 0-0: Ball
Mario Truxillo steals 2nd base
1-0: SINGLE (Groundball, 56D)
Mario Truxillo to third
Runner from 3rd tries for Home, SAFE, no throw
Batting: RHB Jihan Tuah 0-0: Called Strike
0-1: Ball
1-1: Ball
2-1: SINGLE (Flyball, 9S)
José Hernández to second
Runner from 2nd tries for 3rd, SAFE, throw made to third
Batting: RHB Andy Roarick 0-0: Called Strike
0-1: Swinging Strike
0-2: Ball
1-2: Ball
2-2: Strikes out swinging
Batting: RHB Jon Hall 0-0: Ball
1-0: Foul Ball, location: 2F
1-1: Ball
2-1: Foul Ball, location: 2F
2-2: Fly out, F4 (Popup, 4M)
Top of the 1st over - 1 run, 2 hits, 0 errors, 2 left on base; Athletic Club KC 1 - Syracuse 0
BOTTOM OF THE 1ST
Syracuse Storm batting - Pitching for Athletic Club KC U-21 : RHP Tetsunori Ikarashi
Pitching: RHP Tetsunori Ikarashi
Batting: SHB Franck Kooijmans 0-0: Foul Ball, location: 2F
0-1: Ball
1-1: DOUBLE (Flyball, 78XD)
Batting: RHB Javier Sandoval 0-0: Ground out 6-3 (Groundball, 6S)
Franck Kooijmans to third
Batting: RHB Dave Maxwell 0-0: Called Strike
0-1: Reached on error, E3 (Groundball, 34S)
Franck Kooijmans scores
Batting: LHB Bora Garasanin 0-0: Ground out 4-3 (Groundball, 4M)
Dave Maxwell to second
Batting: LHB Gidde Collin 0-0: Swinging Strike
0-1: Ball
1-1: Fly out, F4 (Popup, 4)
Bottom of the 1st over - 1 run, 1 hit, 1 error, 1 left on base; Athletic Club KC 1 - Syracuse 1
TOP OF THE 2ND
Athletic Club KC U-21 batting - Pitching for Syracuse Storm : RHP Zach Pinyerrel
Batting: RHB Bobby McFillin 0-0: SINGLE (Groundball, 6MD)
Batting: RHB José Torres 0-0: Called Strike
0-1: Foul Ball, location: 2F
0-2: Ball
1-2: Ball
2-2: Ball
3-2: Foul Ball, location: 2F
3-2: Strikes out swinging
Batting: RHB Juan Jose Rangel 0-0: Grounds into double play, 5-4-3 (Groundball, 56)
Top of the 2nd over - 0 runs, 1 hit, 0 errors, 0 left on base; Athletic Club KC 1 - Syracuse 1
BOTTOM OF THE 2ND
Syracuse Storm batting - Pitching for Athletic Club KC U-21 : RHP Tetsunori Ikarashi
Batting: LHB Seung-min Sin 0-0: Swinging Strike
0-1: Foul Ball, location: 2F
0-2: Foul Ball, location: 2F
0-2: Ball
1-2: Strikes out swinging
Batting: LHB Rafael Longoria 0-0: Ball
1-0: Ball
2-0: Fly out, F6 (Popup, 6MS)
Batting: LHB Hirohisa Wada 0-0: Called Strike
0-1: Called Strike
0-2: Ball
1-2: Foul Ball, location: 2F
1-2: Ground out 3-1 (Groundball, 34)
Bottom of the 2nd over - 0 runs, 0 hits, 0 errors, 0 left on base; Athletic Club KC 1 - Syracuse 1
TOP OF THE 3RD
Athletic Club KC U-21 batting - Pitching for Syracuse Storm : RHP Zach Pinyerrel
Batting: RHB Mario Truxillo 0-0: Ball
1-0: Ground out 4-3 (Groundball, 4)
Batting: RHB Gabriel Camparán 0-0: Called Strike
0-1: Ball
1-1: Foul Ball, location: 2F
1-2: Foul Ball, location: 2F
1-2: Ground out 5-3 (Groundball, 56S)
Batting: RHB José Hernández 0-0: Called Strike
0-1: Ball
1-1: Ball
2-1: Foul Ball, location: 2F
2-2: Strikes out swinging
Top of the 3rd over - 0 runs, 0 hits, 0 errors, 0 left on base; Athletic Club KC 1 - Syracuse 1
BOTTOM OF THE 3RD
Syracuse Storm batting - Pitching for Athletic Club KC U-21 : RHP Tetsunori Ikarashi
Batting: RHB Sadakuno Hashimoto 0-0: Fly out, F5 (Line Drive, 56)
Batting: SHB Franck Kooijmans 0-0: Ball
1-0: Ball
2-0: Foul Ball, location: 2F
2-1: Ball
3-1: Foul Ball, location: 2F
3-2: Strikes out swinging
Batting: RHB Javier Sandoval 0-0: Ball
1-0: Ground out 5-3 (Groundball, 5S)
Bottom of the 3rd over - 0 runs, 0 hits, 0 errors, 0 left on base; Athletic Club KC 1 - Syracuse 1
TOP OF THE 4TH
Athletic Club KC U-21 batting - Pitching for Syracuse Storm : RHP Zach Pinyerrel
Batting: RHB Jihan Tuah 0-0: Reached on error, E6 (Groundball, 6S)
Batting: RHB Andy Roarick 0-0: Ball
1-0: Called Strike
1-1: Ball
2-1: Called Strike
2-2: Fly out, F5 (Popup, 5SF)
Batting: RHB Jon Hall 0-0: Ball
1-0: Called Strike
1-1: Foul Ball, location: 2F
1-2: Strikes out swinging
Batting: RHB Bobby McFillin 0-0: Fielders Choice at 2nd, 5-4 (Groundball, 56)
Top of the 4th over - 0 runs, 0 hits, 1 error, 1 left on base; Athletic Club KC 1 - Syracuse 1
BOTTOM OF THE 4TH
Syracuse Storm batting - Pitching for Athletic Club KC U-21 : RHP Tetsunori Ikarashi
Batting: RHB Dave Maxwell 0-0: Called Strike
0-1: Ground out 4-3 (Groundball, 4)
Batting: LHB Bora Garasanin 0-0: Ball
1-0: Called Strike
1-1: Foul Ball, location: 2F
1-2: Ball
2-2: Ground out U3 (Groundball, 34)
Batting: LHB Gidde Collin 0-0: Called Strike
0-1: Ground out 5-3 (Groundball, 56)
Bottom of the 4th over - 0 runs, 0 hits, 0 errors, 0 left on base; Athletic Club KC 1 - Syracuse 1
TOP OF THE 5TH
Athletic Club KC U-21 batting - Pitching for Syracuse Storm : RHP Zach Pinyerrel
Batting: RHB José Torres 0-0: Ball
1-0: Swinging Strike
1-1: Ball
2-1: Ball
3-1: Fly out, F8 (Flyball, 8LD)
Batting: RHB Juan Jose Rangel 0-0: Called Strike
0-1: DOUBLE (Flyball, 8RXD)
Batting: RHB Mario Truxillo 0-0: Fly out, F6 (Popup, 6MS)
Batting: RHB Gabriel Camparán 0-0: Called Strike
0-1: Ball
1-1: Called Strike
1-2: Strikes out swinging
Top of the 5th over - 0 runs, 1 hit, 0 errors, 1 left on base; Athletic Club KC 1 - Syracuse 1
BOTTOM OF THE 5TH
Syracuse Storm batting - Pitching for Athletic Club KC U-21 : RHP Tetsunori Ikarashi
Batting: LHB Seung-min Sin 0-0: Called Strike
0-1: Foul Ball, location: 2F
0-2: Strikes out looking
Batting: LHB Rafael Longoria 0-0: Ball
1-0: Called Strike
1-1: Ball
2-1: Foul Ball, location: 2F
2-2: Strikes out swinging
Batting: LHB Hirohisa Wada 0-0: Fly out, F8 (Flyball, 8LM)
Bottom of the 5th over - 0 runs, 0 hits, 0 errors, 0 left on base; Athletic Club KC 1 - Syracuse 1
TOP OF THE 6TH
Athletic Club KC U-21 batting - Pitching for Syracuse Storm : RHP Zach Pinyerrel
Batting: RHB José Hernández 0-0: Ball
1-0: Swinging Strike
1-1: Ball
2-1: SINGLE (Popup, 6D)
Batting: RHB Jihan Tuah 0-0: Fly out, F4 (Popup, 4S)
Batting: RHB Andy Roarick 0-0: Fly out, F9 (Line Drive, 9D)
Batting: RHB Jon Hall 0-0: Ball
1-0: Called Strike
1-1: Foul Ball, location: 2F
1-2: Strikes out swinging
Top of the 6th over - 0 runs, 1 hit, 0 errors, 1 left on base; Athletic Club KC 1 - Syracuse 1
BOTTOM OF THE 6TH
Syracuse Storm batting - Pitching for Athletic Club KC U-21 : RHP Tetsunori Ikarashi
Batting: RHB Sadakuno Hashimoto 0-0: Ball
1-0: Ball
2-0: Ball
3-0: Fly out, F7 (Flyball, 7S)
Batting: SHB Franck Kooijmans 0-0: Called Strike
0-1: Ground out 4-3 (Groundball, 4)
Batting: RHB Javier Sandoval 0-0: Ball
1-0: Ball
2-0: Swinging Strike
2-1: Foul Ball, location: 2F
2-2: Foul Ball, location: 2F
2-2: Ball
3-2: Base on Balls
Batting: RHB Dave Maxwell 0-0: Called Strike
0-1: Ball
1-1: Ball
2-1: Ball
Throwing error on steal attempt, E2
Javier Sandoval to third
3-1: Called Strike
3-2: Strikes out swinging
Bottom of the 6th over - 0 runs, 0 hits, 1 error, 1 left on base; Athletic Club KC 1 - Syracuse 1
TOP OF THE 7TH
Athletic Club KC U-21 batting - Pitching for Syracuse Storm : RHP Zach Pinyerrel
Batting: RHB Bobby McFillin 0-0: Called Strike
0-1: Called Strike
0-2: Ball
1-2: Fly out, F4 (Popup, 34)
Batting: RHB José Torres 0-0: Called Strike
0-1: Ball
1-1: Ground out 6-3 (Groundball, 56)
Batting: RHB Juan Jose Rangel 0-0: Ground out 4-3 (Groundball, 4MS)
Top of the 7th over - 0 runs, 0 hits, 0 errors, 0 left on base; Athletic Club KC 1 - Syracuse 1
BOTTOM OF THE 7TH
Syracuse Storm batting - Pitching for Athletic Club KC U-21 : RHP Tetsunori Ikarashi
Batting: LHB Bora Garasanin 0-0: Ball
1-0: Ball
2-0: Called Strike
2-1: Foul Ball, location: 2F
2-2: Ball
3-2: Base on Balls
Batting: LHB Gidde Collin 0-0: Ball
1-0: Called Strike
1-1: Grounds into double play, U6-3 (Groundball, 4M)
Batting: LHB Seung-min Sin 0-0: Ground out 4-3 (Groundball, 4)
Bottom of the 7th over - 0 runs, 0 hits, 0 errors, 0 left on base; Athletic Club KC 1 - Syracuse 1
TOP OF THE 8TH
Athletic Club KC U-21 batting - Pitching for Syracuse Storm : RHP Zach Pinyerrel
Batting: RHB Mario Truxillo 0-0: Ball
1-0: DOUBLE (Line Drive, 7LD)
Batting: RHB Gabriel Camparán 0-0: Fly out, F9 (Flyball, 9LM)
Batting: RHB José Hernández 0-0: Ball
1-0: Ball
2-0: Called Strike
2-1: Reached on error, E5 (Groundball, 56S)
Mario Truxillo to third
Batting: RHB Jihan Tuah 0-0: Ball
1-0: Called Strike
1-1: Grounds into double play, 6-4-3 (Groundball, 56)
Top of the 8th over - 0 runs, 1 hit, 1 error, 1 left on base; Athletic Club KC 1 - Syracuse 1
BOTTOM OF THE 8TH
Syracuse Storm batting - Pitching for Athletic Club KC U-21 : RHP Tetsunori Ikarashi
Batting: LHB Rafael Longoria 0-0: Ball
1-0: Called Strike
1-1: Fly out, F3 (Popup, 3S)
Batting: LHB Hirohisa Wada 0-0: Called Strike
0-1: Foul Ball, location: 2F
0-2: DOUBLE (Line Drive, 89D)
Pinch Hitting: SHB Ryan Wood 0-0: Intentional Walk
Batting: SHB Franck Kooijmans 0-0: Called Strike
0-1: Ball
1-1: Ball
2-1: Ball
3-1: SINGLE (Flyball, 7LS)
Hirohisa Wada to third
Ryan Wood to second
Runner from 3rd tries for Home, SAFE, no throw
Pitching: RHP Taalay Ibragimov
Pinch Hitting: LHB António Escobeda 0-0: Ball
1-0: Called Strike
1-1: Ball
2-1: Called Strike
2-2: Ball
3-2: Base on Balls
Ryan Wood to third
Franck Kooijmans to second
Batting: RHB Dave Maxwell 0-0: Called Strike
0-1: Called Strike
0-2: Ball
1-2: Ball
2-2: SINGLE (Line Drive, 9S)
Ryan Wood scores
Franck Kooijmans to third
António Escobeda to second
Batting: LHB Bora Garasanin 0-0: Ball
1-0: Foul Ball, location: 2F
1-1: Ball
2-1: Called Strike
2-2: Ball
3-2: Base on Balls
Franck Kooijmans scores
António Escobeda to third
Dave Maxwell to second
Batting: LHB Gidde Collin 0-0: Called Strike
0-1: Ball
1-1: Foul Ball, location: 2F
1-2: Strikes out swinging
Batting: LHB Seung-min Sin 0-0: Ball
1-0: Called Strike
1-1: Ball
2-1: Ball
3-1: Swinging Strike
3-2: Ground out 6-3 (Groundball, 6)
Bottom of the 8th over - 3 runs, 3 hits, 0 errors, 3 left on base; Athletic Club KC 1 - Syracuse 4
TOP OF THE 9TH
Athletic Club KC U-21 batting - Pitching for Syracuse Storm : RHP Zach Pinyerrel
Now at 2B: Adrián Medina
Now at SS: Juan Perales
Batting: RHB Andy Roarick 0-0: Fly out, F9 (Flyball, 89M)
Batting: RHB Jon Hall 0-0: Called Strike
0-1: Foul Ball, location: 2F
0-2: Ball
1-2: Foul Ball, location: 2F
1-2: Ground out 6-3 (Groundball, 6M)
Batting: RHB Bobby McFillin 0-0: Ground out 5-3 (Groundball, 5L)
Top of the 9th over - 0 runs, 0 hits, 0 errors, 0 left on base; Athletic Club KC 1 - Syracuse 4
Tuesday, June 12th, 2018 - OOTP Baseball 18.8 Build 76